 Dungeon Crawl Stone Soup version 0.29.0-4-gdea44cf6ec (console) character file.

Game seed: 6910688913210578269

16444 jejorda2 the Thrower (level 12, -31/96 HPs)
             Began as a Vine Stalker Berserker on Aug 27, 2022.
             Was an Elder of Trog.
             Killed from afar by a bog body (36 damage)
             ... with a bolt of cold
             ... on level 2 of the Lair of Beasts.
             The game lasted 00:38:13 (8675 turns).

jejorda2 the Thrower (Vine Stalker Berserker)       Turns: 8675, Time: 00:38:13

Health: -31/96     AC: 15    Str: 20    XL:     12   Next: 37%
Magic:  0/13       EV: 15    Int:  7    God:    Trog [****..]
Gold:   424        SH:  5    Dex: 19    Spells: 11/11 levels left

rFire   + . .      SeeInvis .   a - +2 dagger (speed)
rCold   . . .      Faith    .   (no shield)
rNeg    . . .      Spirit   +   L - +3 leather armour {rPois}
rPois   +          Reflect  +   x - +0 helmet
rElec   .          Harm     .   N - scarf {repulsion}
rCorr   .          Rampage  .   (no gloves)
Will    +....                   G - +2 pair of boots {Fly}
Stlth   ..........              z - amulet of reflection
HPRegen 1.06/turn               d - +4 ring of protection
MPRegen 0.13/turn               i - ring of protection from fire

@: berserking, flying, repel missiles, very quick
A: fangs 3, regeneration 1, magic shield, antimagic bite, no potion heal 2
a: Renounce Religion, Berserk, Trog's Hand, Brothers in Arms


You were on level 2 of the Lair of Beasts.
You worshipped Trog.
Trog was greatly pleased with you.
You visited 2 branches of the dungeon, and saw 10 of its levels.
You also visited: Bailey.

You collected 528 gold pieces.
You spent 104 gold pieces at shops.

Inventory:

Hand Weapons
 a - a +2 dagger of speed (weapon)
 K - a +2 dagger of draining
Missiles
 e - 64 stones
 q - a throwing net
 t - 4 curare-tipped darts
 B - 25 boomerangs (quivered)
Armour
 w - a +0 cloak
 x - a +0 helmet (worn)
 D - a +3 plate armour
 G - a +2 pair of boots of flying (worn)
 L - a +3 leather armour of poison resistance (worn)
 N - a scarf of repulsion (worn)
Jewellery
 d - a +4 ring of protection (left hand)
 i - a ring of protection from fire (right hand)
 l - a ring of see invisible
 p - a ring of resist corrosion
 z - an amulet of reflection (around neck)
 M - a ring of ice
Wands
 c - a wand of flame (47)
 v - a wand of mindburst (18)
 y - a wand of digging (8)
 A - a wand of paralysis (36)
Scrolls
 m - 3 scrolls of teleportation
 J - a scroll of magic mapping
Potions
 b - a potion of mutation {unknown}
 f - a potion of invisibility
 h - a potion of magic {unknown}
 j - a potion of cancellation
 k - 4 potions of curing
 n - a potion of might
 o - 3 potions of lignification
 r - 2 potions of degeneration {unknown}
 s - 3 potions of resistance
 u - 2 potions of berserk rage
 C - 2 potions of ambrosia
 F - 2 potions of attraction {unknown}
Miscellaneous
 E - a tin of tremorstones (2/2)
 H - a lightning rod (4/4)


   Skills:
 + Level 8.1 Fighting
 - Level 10.0 Short Blades
 + Level 10.1 Throwing
 - Level 6.0 Armour
 - Level 6.0 Dodging
 - Level 4.0 Stealth


You had 11 spell levels left.
You didn't know any spells.
Your spell library was empty.

Dungeon Overview and Level Annotations

Branches:
Dungeon (8/15)             Temple (0/1) D:5            Lair (2/5) D:8
 Spider (0/4) Lair:2       Bailey (visited)
  Swamp: Lair:2-3    Shoals: Lair:2-3

Altars:
Hepliaklqana
Sif Muna
Yredelemnul

Shops:
D:5 *   D:8 *

Annotations:
D:4 exclusion: door
Lair:2 exclusion: oklob plant


Innate Abilities, Weirdness & Mutations

You have razor-sharp teeth.
Your natural rate of healing is unusually fast.
When hurt, damage is shared between your health and your magic reserves.
Your bite disrupts and absorbs the magic of your enemies.
Potions cannot restore your health.


Message History

The bog body's magic leaks into the air.
You drain its magic.
The bog body is moderately damaged.
The bog body's magic is no longer disrupted.
You hit the bog body.
You bite the bog body, but do no damage.
The bog body is heavily damaged.
The bog body touches you! The bog body freezes you!!
You are too injured to fight recklessly!
You are too injured to fight recklessly!
You are too injured to fight recklessly!
A red film seems to cover your vision as you go berserk!
You feel yourself moving faster!
You feel mighty! The bog body touches you! The bog body freezes you!!
* * * LOW HITPOINT WARNING * * *
The bog body completely misses you. The bog body touches you.
* * * LOW HITPOINT WARNING * * *
The bog body freezes you!
* * * LOW HITPOINT WARNING * * *
You hit the bog body. Your bite misses the bog body.
The bog body is lightly damaged.
The bog body casts a spell at you.
You easily resist.
You barely miss the bog body.
The bog body is lightly damaged.
You hit the bog body.
The bog body is moderately damaged.
You hit the bog body. You bite the bog body!
The bog body's magic leaks into the air.
You drain its magic.
You feel invigorated.
The bog body is severely damaged.
You puncture the bog body!
You destroy the bog body!
Trog accepts your kill.
Trog appreciates your killing of a magic user.
The bog body gestures at you while chanting.
You easily resist.
The bog body casts a spell at you. The bolt of cold hits you!!!
You die...

#..........###...#......##P..##
#..>......##..+##......#.......
#.........##....##.....†......#
..........##.....#............#
.(........##....♣#.....##.....#
...............♣ ♣♣♣♣♣♣##.....#
..........♣♣♣♣♣♣ ♣♣♣♣♣ ♣♣♣...#
...)...†♣♣♣~~~n♣~~≈~~~ ♣♣♣#.
.......⌠.....†@n..w..♣ ♣###
#......⌠...♣.♣.♣...♣.. ♣...
#.......♣♣♣≈~~≈♣ ~~~♣ ♣♣...
#......). ♣♣♣♣♣♣ ♣♣♣ ♣....
#........ ##.#. #.........
#..## #......... ###..§P
#.......... ..###P.....##..§.§.
...........#...§§#§


You could see 2 bog bodies and a swamp worm.

Vanquished Creatures
  A hydra (Lair:2)
  Harold (Lair:1)
  2 death yaks
  Nergalle (Lair:1)
  A bog body (Lair:2)
  An ugly thing (D:8)
  Joseph (Lair:1)
  A black mamba (Lair:2)
  4 cane toads
  A komodo dragon (Lair:1)
  A troll (D:7)
  A polar bear (Lair:2)
  Grinder (D:3)
  13 blink frogs
  A culicivora (Lair:2)
  6 jumping spiders (Lair:2)
  6 yaks
  A wyvern (D:8)
  A basilisk (Lair:2)
  A steam dragon (D:7)
  A redback (Lair:2)
  A swamp worm (Lair:2)
  6 water moccasins
  7 orc warriors (Bailey)
  2 ice beasts
  A black bear (Lair:1)
  An ogre (D:6)
  2 centaurs
  8 bullfrogs
  A necrophage (D:6)
  7 scorpions
  8 wights
  5 killer bees (D:8)
  An electric eel (Lair:2)
  A human zombie (D:4)
  4 hounds
  2 jellies (D:5)
  2 orc priests
  3 scorpion zombies (D:4)
  Ijyb (D:3)
  A gnoll bouda (D:7)
  3 iguanas
  8 orc wizards
  A howler monkey zombie (D:4)
  A mummy (D:4)
  5 gnolls
  11 adders
  A white imp (D:8)
  2 adder zombies (D:4)
  2 worms
  2 dart slugs
  25 orcs
  6 bats
  3 endoplasms
  5 giant cockroaches
  12 goblins
  11 hobgoblins
  6 quokkas
  9 ball pythons
  3 frilled lizards
  17 kobolds
  A quokka zombie (D:4)
  3 rats
248 creatures vanquished.

Vanquished Creatures (collateral kills)
  A death yak (D:8)
  4 yaks
5 creatures vanquished.

Vanquished Creatures (others)
  7 fungi
  8 plants (Lair:2)
15 creatures vanquished.

Grand Total: 268 creatures vanquished

Notes
Turn   | Place    | Note
-------+----------+-------------------------------------------
     0 | D:1      | jejorda2 the Vine Stalker Berserker began the quest for the
                  | Orb.
     0 | D:1      | Reached XP level 1. HP: 11/11 MP: 2/2
   180 | D:1      | Reached XP level 2. HP: 16/16 MP: 3/3
   569 | D:1      | Reached XP level 3. HP: 20/20 MP: 4/4
   918 | D:2      | Reached ** piety under Trog
  1555 | D:2      | Found a faded altar of an unknown god.
  1813 | D:3      | Noticed Grinder
  1831 | D:3      | Killed Grinder
  1832 | D:3      | Gained mutation: Your natural rate of healing is unusually
                  | fast. [Vine Stalker growth]
  1832 | D:3      | Reached XP level 4. HP: 25/25 MP: 5/5
  1832 | D:3      | Reached XP level 5. HP: 29/29 MP: 6/6
  1832 | D:3      | Reached XP level 6. HP: 33/33 MP: 7/7
  1887 | D:3      | Noticed Ijyb
  1912 | D:3      | Killed Ijyb
  2013 | D:3      | You fall into a shaft and drop 2 floors!
  2013 | D:5      | Entered Level 5 of the Dungeon
  2153 | D:5      | Found Zucsuk's Assorted Antiques.
  2161 | D:5      | Bought an iron wand for 104 gold pieces
  2220 | D:3      | Found a hazy altar of Hepliaklqana.
  2572 | D:4      | Reached skill level 5 in Short Blades
  2888 | D:4      | Reached XP level 7. HP: 37/37 MP: 8/8
  2964 | D:4      | Found a shimmering blue altar of Sif Muna.
  3211 | D:4      | Found a basalt altar of Yredelemnul.
  3427 | D:5      | Reached *** piety under Trog
  3428 | D:5      | Gained mutation: You have razor-sharp teeth. [Vine Stalker
                  | growth]
  3428 | D:5      | Reached XP level 8. HP: 42/42 MP: 7/9
  3521 | D:5      | Reached skill level 5 in Fighting
  3815 | D:5      | Found a staircase to the Ecumenical Temple.
  4183 | D:6      | Reached XP level 9. HP: 48/48 MP: 10/10
  4262 | D:6      | Reached skill level 5 in Dodging
  4787 | D:7      | Found a flagged portal.
  4822 | Bailey   | Entered a bailey
  5519 | D:7      | Reached **** piety under Trog
  5738 | D:7      | Reached skill level 1 in Throwing
  5763 | D:7      | Noticed a troll
  5773 | D:7      | Killed a troll
  5774 | D:7      | Reached XP level 10. HP: 53/53 MP: 11/11
  6134 | D:8      | Noticed a red ugly thing
  6163 | D:8      | Killed a red ugly thing
  6164 | D:8      | Reached skill level 10 in Short Blades
  6262 | D:8      | Noticed a death yak
  6262 | D:8      | Noticed a death yak
  6365 | D:8      | Found a staircase to the Lair.
  6690 | D:8      | Noticed a death yak
  6694 | D:8      | Killed a death yak
  6702 | D:8      | Found Icha Maol's Gadget Gallery.
  6773 | D:7      | Killed a death yak
  6774 | D:7      | Reached skill level 5 in Throwing
  6875 | D:8      | Killed a death yak
  6876 | D:8      | Reached skill level 5 in Armour
  6876 | D:8      | Reached XP level 11. HP: 56/56 MP: 12/12
  7076 | Lair:1   | Entered Level 1 of the Lair of Beasts
  7091 | Lair:1   | Noticed Joseph
  7114 | Lair:1   | Killed Joseph
  7214 | Lair:1   | Noticed Harold
  7255 | Lair:1   | Killed Harold
  7573 | Lair:1   | Noticed Nergalle
  7589 | Lair:1   | Killed Nergalle
  8076 | Lair:2   | Noticed an oklob plant
  8164 | Lair:2   | Reached skill level 1 in Stealth
  8190 | Lair:2   | Reached XP level 12. HP: 27/63 MP: 3/13
  8247 | Lair:2   | Found a hole to the Spider Nest.
  8247 | Lair:2   | Noticed a five-headed hydra
  8258 | Lair:2   | Killed a five-headed hydra
  8574 | Lair:2   | Reached skill level 10 in Throwing
  8670 | Lair:2   | HP: 4/96 [bog body (9)]
  8675 | Lair:2   | Killed from afar by a bog body

Illustrated notes

Levels and vault maps discovered:
D:1:      lemuel_arrival_river_ford, layout_basic
D:2:      layout_loops_ring, dilly_ecumenical_altar_fadedgnrine
D:3:      layout_basic, nicolae_hepliaklqana_hippocampus, uniq_grinder,
          uniq_ijyb
D:4:      layout_basic, lemuel_mausoleum_altar_yredelemnul, led_sif_book
D:5:      layout_loops_ring, minmay_temple_entry_glass, serial_shops,
          shop_fountains
D:6:      layout_gridville, kennysheep_nondescript
D:7:      layout_cave_pools, enter_bailey_4
D:8:      layout_cave_pools, dpeg_lair_monsters, serial_column_ruins,
          column_ruins_hut, column_ruins_corridor_plus, column_ruins_open_small,
          column_ruins_open_tiny, column_ruins_open_tiny, column_ruins_grid_1,
          column_ruins_grid_4, minmay_misc_feat_cross, nicolae_shop_gadgets
Lair:1:   layout_misc_corridors, uniq_harold, uniq_nergalle, uniq_joseph
Lair:2:   kb_forest_paths, layout_regular_city,
          nicolae_swamp_entry_splash_gauntlet,
          nicolae_spider_entry_tight_spaces, wad_woods_river_02,
          disabler_island, lemuel_fruit_fields

Skill      XL: |  1  2  3  4  5  6  7  8  9 10 11 12 |
---------------+-------------------------------------+-----
Short Blades   | 3 4 5 6 7 9 10 | 10.0
Fighting       | 3 4 5 6 7 8 |  8.1
Dodging        | 2 3 4 6 |  6.0
Throwing       | 1 5 9 10 | 10.1
Armour         | 2 5 6 |  6.0
Stealth        | 2 4 |  4.0

Action                   |  1- 3 |  4- 6 |  7- 9 | 10-12 || total
-------------------------+-------+-------+-------+-------++-------
Melee: Short sword       |   128 |       |       |       ||   128
       Bite              |    42 |    43 |   212 |   220 ||   517
       Punch             |     3 |     2 |     9 |    10 ||    24
       Dagger            |    30 |   158 |   568 |   560 ||  1316
Throw: Stone             |       |       |       |     9 ||     9
       Boomerang         |       |       |       |    44 ||    44
       Dart              |       |       |       |     1 ||     1
       Throwing net      |       |       |       |     1 ||     1
Invok: Berserk           |     1 |     2 |     8 |    13 ||    24
       Trog's Hand       |     1 |     1 |       |     3 ||     5
       Brothers in Arms  |       |       |       |     2 ||     2
Evoke: Wand              |       |       |     2 |       ||     2
  Use: Scroll            |       |    14 |     3 |     9 ||    26
 Stab: Sleeping          |     2 |       |       |       ||     2
       Held in net/web   |       |       |       |     1 ||     1
Armor: Animal skin       |    13 |       |       |       ||    13
       Leather armour    |    40 |       |       |    84 ||   124
       Scale mail        |     4 |    62 |    77 |       ||   143
       Plate armour      |       |       |    26 |    92 ||   118
       Steam dragon scal |       |       |     7 |       ||     7
       Skin              |       |       |     1 |       ||     1
Dodge: Dodged            |    89 |    47 |   141 |   126 ||   403
Block: Other             |       |       |    25 |    50 ||    75
       Reflection        |       |       |     3 |     3 ||     6
